 Dungeon Crawl Stone Soup version 0.22.0-38-g04b72b8 (webtiles) character file.

561325 bosm the Intangible (level 26, -3/224 HPs)
             Began as a Merfolk Necromancer on Aug 26, 2018.
             Was the Champion of Dithmenos.
             Splashed by an acid blob's acid (12 damage)
             ... on level 2 of the Realm of Zot.
             The game lasted 04:26:34 (68020 turns).

bosm the Intangible (Merfolk Necromancer)          Turns: 68020, Time: 04:26:35

Health: -3/224     AC: 12    Str: 17    XL:     26   Next: 65%
Magic:  38/40      EV: 30    Int: 15    God:    Dithmenos [******]
Gold:   2346       SH:  5    Dex: 17    Spells: 38/52 levels left

rFire    + . .     SeeInvis +   w - +9 bardiche (chop)
rCold    . . .     Gourm    .   (shield currently unavailable)
rNeg     + . .     Faith    .   S - quicksilver dragon scales
rPois    .         Spirit   .   X - +2 hat {SInv}
rElec    +         Reflect  +   B - +2 cloak {MR+}
rCorr    .         Harm     .   x - +2 pair of gloves
MR       ++++.                  T - +2 pair of boots {Fly}
Stlth    ++++++....             V - +5 amulet of reflection
HPRegen  0.47/turn              d - ring of Hyfar {rElec rN+ MR+ Stlth+}
MPRegen  0.27/turn              J - +4 ring of slaying

@: swift, corroded, flying, wreathed by umbra, very quick
A: change form in water, swift swim, stealthy swim, iridescent scales 1, blink,
fire resistance 1
}: 3/15 runes: serpentine, barnacled, silver
a: Blink, Shadow Step, Shadow Form, Renounce Religion, Stop Flying


You were on level 2 of the Realm of Zot.
You worshipped Dithmenos.
Dithmenos was exalted by your worship.
You were hungry.

You visited 9 branches of the dungeon, and saw 46 of its levels.
You visited 2 bazaars.
You also visited: Ice Cave.

You collected 7941 gold pieces.
You spent 5595 gold pieces at shops.

Inventory:

Hand Weapons
 f - the +2 bardiche "Adwum" {flame, Int-2 Dex+7}
   (You acquired it on level 13 of the Dungeon)

   It has been specially enchanted to burn those struck by it, causing extra
   injury to most foes and up to half again as much damage against particularly
   susceptible opponents.
   Big, fiery blades are also staple armaments of hydra-hunters.
   It affects your intelligence (-2).
   It affects your dexterity (+7).
 w - a +9 bardiche of chopping (weapon)
 D - a +3 bardiche
Missiles
 N - 7 throwing nets (quivered)
Armour
 x - a +2 pair of gloves (worn)
 B - a +2 cloak of magic resistance (worn)
 S - quicksilver dragon scales (worn)
 T - a +2 pair of boots of flying (worn)
 X - a +2 hat of see invisible (worn)
Jewellery
 d - the ring of Hyfar (left hand) {rElec rN+ MR+ Stlth+}
   (You took it off a vault warden on level 5 of the Vaults)

   [ring of protection from magic]

   It insulates you from electricity.
   It protects you from negative energy.
   It affects your resistance to hostile enchantments.
   It makes you more stealthy.
 e - the ring of Vogearev {rF+ Str+5}
   (You took it off a deep elf high priest on level 3 of the Elven Halls)

   [ring of protection from fire]

   It affects your strength (+5).
   It protects you from fire.
 q - an uncursed ring of poison resistance
 J - a +4 ring of slaying (right hand)
 V - a +5 amulet of reflection (around neck)
Wands
 a - a wand of disintegration (40)
 b - a wand of scattershot (8)
 m - a wand of clouds (2)
 r - a wand of iceblast (21)
 H - a wand of acid (22)
 R - a wand of digging (26)
Scrolls
 h - 5 scrolls of fog
 i - 4 scrolls of teleportation
 l - 14 scrolls of amnesia
 n - 3 scrolls of brand weapon
 u - 4 scrolls of blinking
 y - 21 scrolls of remove curse
 A - 6 scrolls of identify
 F - 10 scrolls of magic mapping
 I - 3 scrolls of enchant weapon
 K - a scroll of holy word
 M - 3 scrolls of silence
 W - 2 scrolls of summoning
 Y - 2 scrolls of enchant armour
 Z - 4 scrolls of fear
Potions
 g - 3 potions of agility
 o - 2 potions of invisibility
 p - a potion of resistance
 s - 4 potions of haste
 t - 4 potions of brilliance
 z - 6 potions of magic
 E - 7 potions of mutation
 G - 10 potions of curing
 L - 4 potions of heal wounds
 O - 4 potions of might
Miscellaneous
 v - a phial of floods
 C - 5 phantom mirrors
 P - a phial of floods
 Q - a phial of floods
Comestibles
 c - 66 rations
 j - 3 chunks of flesh


   Skills:
 + Level 22.0 Fighting
 - Level 26.0 Polearms
 + Level 12.6 Armour
 O Level 27 Dodging
 * Level 5.3 Stealth
 - Level 13.5 Spellcasting
 - Level 12.2 Charms
 - Level 8.0 Necromancy
 + Level 12.3 Evocations


You had 38 spell levels left.
You knew the following spells:

 Your Spells              Type           Power        Failure   Level  Hunger
a - Pain                  Necr           ####         1%          1    None
b - Regeneration          Chrm/Necr      #####.....   1%          3    None
c - Shroud of Golubria    Chrm/Tloc      ####......   1%          2    None
d - Animate Dead          Necr           N/A          4%          4    ##.....
e - Swiftness             Chrm/Air       ####....     1%          2    None
h - Summon Butterflies    Summ           ##......     11%         1    None
q - Apportation           Tloc           ##....       11%         1    None

Your spell library contained the following spells:

 Spells                   Type           Power        Failure   Level  Hunger
 Animate Skeleton         Necr           N/A          1%          1    None
 Corpse Rot               Necr           N/A          1%          2    None
 Sublimation of Blood     Necr           ####......   1%          2    None
 Vampiric Draining        Necr           ####......   1%          3    None
 Beastly Appendage        Tmut           ##....       11%         1    None
 Confusing Touch          Hex            ##....       11%         1    None
 Flame Tongue             Conj/Fire      ##...        11%         1    None
 Freeze                   Ice            ##..         11%         1    None
 Magic Dart               Conj           ##..         11%         1    None
 Sandblast                Erth           ##....       11%         1    None
 Summon Small Mammal      Summ           ##..         11%         1    None
 Blink                    Tloc           N/A          16%         2    None
 Call Imp                 Summ           ##......     16%         2    None
 Ensorcelled Hibernation  Hex/Ice        ##....       16%         2    None
 Passwall                 Tmut/Erth      ##......     16%         2    None
 Poisonous Vapours        Pois/Air       ##....       16%         2    None
 Searing Ray              Conj           ##....       16%         2    None
 Sticks to Snakes         Tmut           ##......     16%         2    None
 Throw Frost              Conj/Ice       ##....       16%         2    None
 Iskenderun's Battlesphe  Conj/Chrm      ####....     24%         5    ####...
 Call Canine Familiar     Summ           ##......     32%         3    None
 Confuse                  Hex            ##......     32%         3    None
 Conjure Flame            Conj/Fire      ##......     32%         3    None
 Dazzling Spray           Conj/Hex       ##....       32%         3    None
 Gell's Gravitas          Tloc           ##........   32%         3    None
 Ignite Poison            Fire/Tmut/Pois ##......     32%         3    None
 Lesser Beckoning         Tloc           ##........   32%         3    None
 Mephitic Cloud           Conj/Pois/Air  ##......     32%         3    None
 Recall                   Summ/Tloc      N/A          32%         3    None
 Spider Form              Tmut/Pois      ##........   32%         3    None
 Stone Arrow              Conj/Erth      ##....       32%         3    None
 Summon Guardian Golem    Hex/Summ       ##......     32%         3    None
 Teleport Other           Tloc           ##......     32%         3    None
 Bolt of Draining         Conj/Necr      ###.......   50%         5    ####...
 Borgnjor's Vile Clutch   Necr/Erth      ###.......   50%         5    ####...
 Cause Fear               Hex            ##........   71%         4    ##.....
 Force Lance              Conj/Tloc      ##......     71%         4    ##.....
 Fulminant Prism          Conj/Hex       ##........   71%         4    ##.....
 Ice Form                 Ice/Tmut       ##......     71%         4    ##.....
 Iskenderun's Mystic Bla  Conj           ##......     71%         4    ##.....
 Leda's Liquefaction      Hex/Erth       ##........   71%         4    ##.....
 Passage of Golubria      Tloc           N/A          71%         4    ##.....
 Petrify                  Tmut/Erth      ##......     71%         4    ##.....
 Summon Ice Beast         Ice/Summ       ##......     71%         4    ##.....
 Summon Lightning Spire   Summ/Air       ##......     71%         4    ##.....
 Alistair's Intoxication  Tmut/Pois      ##......     96%         5    ####...
 Aura of Abjuration       Summ           ##........   96%         5    ####...
 Blade Hands              Tmut           ##........   96%         5    ####...
 Bolt of Magma            Conj/Fire/Erth ##........   96%         5    ####...
 Fireball                 Conj/Fire      ##........   96%         5    ####...
 Irradiate                Conj/Tmut      ##........   96%         5    ####...
 Lee's Rapid Deconstruct  Erth           ##........   96%         5    ####...
 Metabolic Englaciation   Hex/Ice        ##........   96%         5    ####...
 Silence                  Hex/Air        ##........   96%         5    ####...
 Summon Demon             Summ           ##........   96%         5    ####...
 Summon Forest            Summ/Tloc      ##........   96%         5    ####...
 Summon Mana Viper        Hex/Summ       ##......     96%         5    ####...
 Venom Bolt               Conj/Pois      ##........   96%         5    ####...
 Yara's Violent Unravell  Hex/Tmut       ##........   96%         5    ####...
 Bolt of Cold             Conj/Ice       ##........   100%        6    ######.
 Bolt of Fire             Conj/Fire      ##........   100%        6    ######.
 Darkness                 Hex            ##........   100%        6    ######.
 Freezing Cloud           Conj/Ice/Air   ##........   100%        6    ######.
 Hydra Form               Tmut           ##........   100%        6    ######.
 Iron Shot                Conj/Erth      ##........   100%        6    ######.
 Shadow Creatures         Summ           N/A          100%        6    ######.
 Statue Form              Tmut/Erth      ##.......    100%        6    ######.
 Dragon Form              Tmut           ##........   100%        7    #######
 Haunt                    Necr/Summ      ###.......   100%        7    #######
 Orb of Destruction       Conj           ##........   100%        7    #######
 Ring of Flames           Chrm/Fire      ####......   100%        7    #######
 Spellforged Servitor     Conj/Summ      ##........   100%        7    #######
 Summon Hydra             Summ           ##........   100%        7    #######
 Borgnjor's Revivificati  Necr           ####......   100%        8    #######
 Death's Door             Chrm/Necr      #####.....   100%        8    #######
 Ignition                 Fire           ##........   100%        8    #######
 Infestation              Necr           ####......   100%        8    #######
 Necromutation            Tmut/Necr      ###.......   100%        8    #######
 Dragon's Call            Summ           ##........   100%        9    #######
 Shatter                  Erth           ##........   100%        9    #######


Dungeon Overview and Level Annotations

Branches:
Dungeon (15/15)            Temple (0/1) D:7            Lair (6/6) D:8
 Shoals (4/4) Lair:3        Snake (4/4) Lair:3        Slime (0/5) Lair:5
    Orc (2/2) D:9             Elf (3/3) Orc:2        Vaults (5/5) D:14
  Crypt (0/3) Vaults:3     Depths (5/5) D:15            Zot (2/5) Depths:5

Altars:
Ashenzari
Cheibriados
Dithmenos
Elyvilon
Fedhas
Gozag
Kikubaaqudgha
Sif Muna

Shops:
D:10 :**[!   D:14 ??[:   Orc:1 [%([   Orc:2 *}=[   Elf:1 :   Elf:2 [
Shoals:1 }   Shoals:4 *?   Snake:1 :*:   Snake:3 *=*(   Vaults:5 !
Depths:3 =}=   Depths:5 (

Portals:
Hell: Depths:1 Depths:2 Depths:3 Depths:4 Depths:5
Abyss: Depths:2 Depths:4
Pandemonium: Depths:1 Depths:3 Depths:5
Ziggurat: Depths:3

Annotations:
Lair:5 1 runed door, Loraer's ghost, journeyman TrBe
Lair:6 exclusion: 3 oklob plants
Orc:1 2 transporters, eyesofgods1's ghost, journeyman DsFi
Depths:3 1 runed door
Depths:5 3 runed doors, Gucsao's ghost, veteran GrGl


Innate Abilities, Weirdness & Mutations

You revert to your normal form in water.
You are very nimble and swift while swimming.
You are very stealthy in the water. (Stealth+)
You are partially covered in iridescent scales. (AC +2)
You can translocate small distances at will.
Your flesh is heat resistant. (rF+)


Message History

The yellow draconian completely misses you.
The acid blob spits acid at you. The splash of acid hits you!
You are splashed with acid!
The acid burns!
* * * LOW HITPOINT WARNING * * *
You emit a cloud of dark smoke.
Okay, then.
Casting: Shroud of Golubria (safe; 1% risk of failure)
Confirm with . or Enter, or press ? or * to list all spells.
Okay, then.
Casting: Shroud of Golubria (safe; 1% risk of failure)
Confirm with . or Enter, or press ? or * to list all spells.
You feel quick. The acid blob hits you!!
* * * LOW HITPOINT WARNING * * *
You emit a cloud of dark smoke.
You are splashed with acid!
The acid burns!
* * * LOW HITPOINT WARNING * * *
The acid blob spits acid at you. The splash of acid hits you!
* * * LOW HITPOINT WARNING * * *
The acid corrodes you!
You are splashed with acid!
The acid burns!
You die...

......##...###....#
....##
#....###...## ...
#....# #....# ..
##...# #....# .
#...# #....# #...#
#..†.# #...# #....#
#.§§# #....# #@§§#
#....# ..# ##§§§#
#....# . ....#
#dJ§§# #....# .
......### #§§§§#
#....# .
........###§§§§#
#....#
..............##
#....#
..............#
##...## .
..............##
#....# #
..............#
#....#


You could see an acid blob and a yellow draconian.

Vanquished Creatures
  An ancient lich (Vaults:5)
  A juggernaut (Depths:4)
  Vashnia (Snake:3)
  Frederick (Depths:3)
  Saint Roka (Depths:1)
  A golden dragon (Vaults:5)
  A lich (Depths:2)
  11 tentacled monstrosities
  Rupert (D:13)
  3 deep elf blademasters
  A deep elf master archer (Elf:3)
  6 titans
  Asterion (Depths:3)
  6 quicksilver dragons
  2 krakens
  Polyphemus (Shoals:2)
  Gastronok (D:10)
  3 death cobs (Zot:1)
  5 sphinxes
  Kirke (Snake:3)
  8 tengu reavers
  5 shadow dragons
  A storm dragon (Vaults:5)
  14 nagarajas
  A draconian monk (Zot:2)
  Roxanne (Shoals:4)
  8 fire giants
  2 draconian scorchers
  The ghost of Piuleypsy the Warrior, an adept GrFi of Qazlal (Snake:2)
  7 deep elf sorcerers
  9 frost giants
  18 vault wardens
  2 draconian knights
  2 orc warlords
  3 draconian shifters (Zot:1)
  6 deep elf elementalists
  3 draconian stormcallers
  2 iron dragons
  14 ironheart preservers
  2 spriggan defenders
  A curse skull (Depths:3)
  3 war gargoyles
  Louise (Snake:3)
  19 very ugly things
  A caustic shrike skeleton (Depths:3)
  7 draconian annihilators
  6 green draconians
  6 deep elf demonologists
  19 stone giants
  2 juggernaut skeletons
  Azrael (Elf:1)
  6 black draconians
  An entropy weaver (Vaults:4)
  3 purple draconians
  3 spark wasps
  6 deep elf annihilators
  A minotaur (Depths:1)
  7 red draconians
  4 white draconians
  6 deep elf death magi
  8 yellow draconians
  13 ettins
  A crystal guardian (Vaults:3)
  2 merfolk javelineers
  3 merfolk impalers
  2 jiangshi (Depths:3)
  28 vault guards
  14 yaktaur captains
  7 deep elf high priests
  14 fire dragons
  Erolcha (D:11)
  5 rakshasas
  5 hydras
  6 great orbs of eyes
  18 naga warriors
  A catoblepas (shapeshifter) (Vaults:5)
  12 ice dragons
  3 merfolk avatars (Shoals:4)
  4 anacondas
  An anaconda (shapeshifter) (Elf:3)
  2 catoblepae
  3 death yaks (Shoals:2)
  10 centaur warriors
  5 alligator snapping turtles
  3 death knights
  6 merfolk aquamancers
  5 spriggan air magi
  40 two-headed ogres
  2 deep troll earth magi
  4 satyrs (Shoals:4)
  8 deep troll shamans
  11 tengu warriors
  6 orc high priests
  16 ogre magi
  8 spriggan berserkers
  30 dancing weapons
  A vampire mage (Depths:3)
  7 shock serpents
  Urug (Orc:2)
  2 soul eaters (Depths:3)
  3 salamander mystics (Snake:4)
  27 deep elf knights
  Sonja (D:10)
  2 fire crabs (shapeshifter)
  12 naga sharpshooters
  A titan skeleton (Vaults:3)
  3 iron trolls
  11 hell knights
  10 skeletal warriors (Vaults:3)
  2 wizards (D:14)
  26 sea snakes
  An unseen horror (shapeshifter) (Depths:1)
  14 deep trolls
  14 unseen horrors
  4 glowing orange brains
  The ghost of Lew the Skirmisher, a novice GrFi (D:6)
  A naga ritualist (Snake:1)
  15 deep elf archers
  22 ironbrand convokers
  2 flayed ghosts
  5 phantasmal warriors
  A harpy (shapeshifter) (Vaults:3)
  3 harpies
  An oklob plant (Lair:6)
  12 necromancers
  18 orc knights
  A wolf spider (shapeshifter) (Vaults:5)
  An orb spider (shapeshifter) (Depths:2)
  A shadow dragon skeleton (Vaults:3)
  A human zombie (Vaults:4)
  67 deep elf magi
  8 orc sorcerers
  7 mana vipers
  A tengu zombie (Vaults:4)
  A cyclops (shapeshifter) (Depths:5)
  12 salamanders
  15 fauns
  39 ugly things
  3 large abominations (Elf:1)
  A moth of wrath (shapeshifter) (Vaults:2)
  2 stone giant skeletons (Vaults:4)
  7 wolf spiders
  12 manticores
  7 moths of wrath
  A fire giant skeleton (Vaults:3)
  A sphinx skeleton (Vaults:4)
  3 human skeletons
  12 water nymphs
  7 cyclopes
  A rust devil (Depths:1)
  4 centaur zombies
  9 vault sentinels
  A smoke demon (Depths:4)
  Maurice (Orc:2)
  25 black mambas
  2 water nymphs (shapeshifter)
  7 merfolk sirens
  5 elephants
  3 ice statues
  14 naga magi
  An eye of devastation (shapeshifter) (Vaults:5)
  16 guardian serpents
  A storm dragon simulacrum (Vaults:4)
  2 gargoyles
  17 spiny frogs
  A torpor snail (shapeshifter) (Vaults:1)
  A spiny frog (shapeshifter) (D:15)
  8 rime drakes
  4 komodo dragons
  3 kobold demonologists
  8 freezing wraiths
  A yaktaur skeleton (Vaults:3)
  23 yaktaurs
  A hellwing (Depths:4)
  2 tengu conjurers
  8 trolls
  2 harpy zombies (Shoals:2)
  21 merfolk
  A red devil (Depths:4)
  A jumping spider (Vaults:4)
  A polar bear (shapeshifter) (Vaults:2)
  8 hornets
  A polar bear (Lair:2)
  16 wind drakes
  27 slime creatures
  13 blink frogs
  A raiju (shapeshifter) (Vaults:2)
  3 dream sheep (Shoals:2)
  A hippogriff (shapeshifter) (Depths:2)
  8 hippogriffs
  An ice dragon zombie (Depths:1)
  8 snapping turtles
  13 air elementals
  4 redbacks
  A tarantella (shapeshifter) (Vaults:2)
  4 spriggans
  13 water elementals
  A redback (shapeshifter) (Vaults:1)
  2 spriggans (shapeshifter)
  A spriggan simulacrum (Depths:3)
  A wraith (Vaults:1)
  2 shadows
  3 fire elementals
  Sigmund (D:3)
  8 wyverns
  2 hogs (Snake:3)
  26 yaks
  19 humans (D:14)
  2 vampire mosquitoes (D:12)
  3 steam dragons (Lair:6)
  Grum (D:10)
  A yaktaur simulacrum (Vaults:1)
  4 basilisks
  2 hungry ghosts
  An elf simulacrum (Depths:1)
  7 wargs
  Menkaure (D:4)
  37 nagas
  16 insubstantial wisps (Depths:4)
  4 acid dragons
  2 hell hounds
  2 soldier ants
  18 water moccasins
  10 porcupines
  2 deep troll skeletons (Vaults:3)
  40 orc warriors
  17 ice beasts
  5 sky beasts
  3 black bears
  A hornet zombie (D:8)
  A phantom (D:6)
  3 necrophages (D:7)
  45 ogres
  8 boggarts
  An eye of draining (shapeshifter) (Depths:2)
  19 wolves
  32 centaurs
  14 crocodiles
  3 big kobolds
  3 elf zombies (Elf:1)
  A hippogriff zombie (Shoals:2)
  10 bullfrogs
  A wyvern zombie (D:14)
  An ogre simulacrum (Vaults:1)
  2 earth elementals (Elf:2)
  4 scorpions
  6 killer bees
  8 wights
  5 howler monkeys
  2 electric eels
  6 bullfrog zombies
  8 crimson imps
  A quasit (D:11)
  A human simulacrum (Vaults:1)
  17 jellies
  5 hounds
  28 orc priests
  A bullfrog skeleton (D:2)
  A centaur skeleton (D:6)
  5 iguanas
  25 orc wizards
  Ijyb (D:4)
  Terence (D:3)
  9 worker ants
  5 hell rats (Lair:3)
  A hound zombie (D:11)
  A hound skeleton (D:6)
  A mummy (D:7)
  A howler monkey zombie (D:9)
  13 river rats (Lair:3)
  11 adders
  3 shadow imps
  A white imp (Depths:2)
  An ufetubus (Depths:5)
  2 oozes
  An adder skeleton (D:9)
  3 ball lightnings (Depths:4)
  4 dart slugs
  6 leopard geckos
  63 orcs
  2 ball pythons
  A bat zombie (Shoals:2)
  5 giant cockroaches
  8 goblins
  6 hobgoblins
  9 jackals
  15 kobolds
  12 quokkas
  7 bats
  6 frilled lizards
  2 leopard gecko skeletons (D:4)
  A quokka zombie (D:7)
  17 rats
  A butterfly (Lair:1)
  5 plants
  A tentacle (Shoals:4)
2056 creatures vanquished.

Vanquished Creatures (collateral kills)
  A tentacled monstrosity (Vaults:5)
  2 deep elf blademasters (Elf:3)
  2 titans (Vaults:5)
  A death cob (Zot:1)
  A tengu reaver (Depths:3)
  3 fire giants
  A vault warden (Vaults:5)
  A frost giant (Vaults:4)
  A deep elf elementalist (Elf:3)
  2 ironheart preservers
  A purple draconian (Zot:1)
  A spark wasp (Depths:4)
  An ettin (Vaults:5)
  A deep elf death mage (Vaults:5)
  A fire dragon (Depths:5)
  A merfolk impaler (Shoals:4)
  A yaktaur captain (Depths:3)
  An ogre mage (Vaults:4)
  2 ice dragons (Depths:2)
  2 vault guards (Vaults:5)
  A naga warrior (Snake:4)
  2 two-headed ogres
  A dancing weapon (Vaults:5)
  A death yak (Shoals:2)
  A shock serpent (Snake:4)
  3 deep trolls
  A sea snake (Snake:4)
  A swamp dragon (Lair:6)
  A flayed ghost (Depths:4)
  A deep elf archer (Vaults:4)
  A phantasmal warrior (Vaults:5)
  A harpy (Shoals:2)
  A shadow dragon zombie (Vaults:4)
  An orc knight (Vaults:5)
  An orb spider (shapeshifter) (Depths:4)
  3 ugly things
  A cyclops (Vaults:2)
  A manticore (Shoals:2)
  A salamander (Snake:4)
  An elephant (Lair:6)
  A centaur zombie (D:15)
  2 guardian serpents (Snake:4)
  2 vault sentinels (Vaults:4)
  A black mamba (Snake:4)
  A naga mage (Snake:4)
  3 yaktaurs (Depths:2)
  A rime drake (shapeshifter) (Vaults:3)
  2 freezing wraiths (Vaults:4)
  A merfolk (Shoals:2)
  A harpy zombie (Shoals:2)
  A slime creature (Depths:2)
  2 blink frogs (Lair:6)
  A spriggan (shapeshifter) (Vaults:5)
  2 yaks (Lair:6)
  A wyvern (Lair:6)
  A basilisk (Lair:6)
  A steam dragon (Lair:6)
  6 water moccasins (Lair:6)
  4 nagas
  4 orc warriors
  4 ogres
  A crocodile (Lair:6)
  A hippogriff zombie (Shoals:2)
  An orc wizard (Depths:1)
  3 orcs
  A fungus (Lair:6)
  A plant (Depths:3)
102 creatures vanquished.

Vanquished Creatures (others)
  A tentacled monstrosity (Depths:2)
  A nagaraja (Snake:4)
  A merfolk aquamancer (Shoals:3)
  A deep elf mage (Vaults:4)
  A rime drake (Lair:6)
  A human (Snake:3)
  A naga (Snake:4)
  A hell hound (Elf:2)
  13 ball lightnings (Depths:4)
  3 bushes
  27 fungi
  75 plants
  31 tentacles
157 creatures vanquished.

Grand Total: 2315 creatures vanquished

Notes
Turn   | Place    | Note
-------+----------+-------------------------------------------
     0 | D:1      | bosm the Merfolk Necromancer began the quest for the Orb.
     0 | D:1      | Reached XP level 1. HP: 13/13 MP: 3/3
   283 | D:1      | Reached skill level 1 in Fighting
   324 | D:1      | Reached XP level 2. HP: 21/21 MP: 3/5
   920 | D:1      | Reached XP level 3. HP: 11/27 MP: 0/6
  1098 | D:1      | Learned a level 3 spell: Regeneration
  1641 | D:2      | Reached XP level 4. HP: 14/34 MP: 0/8
  2580 | D:3      | Reached XP level 5. HP: 26/41 MP: 10/10
  3082 | D:3      | Found a shattered altar of Ashenzari.
  3082 | D:3      | Found a shadowy altar of Dithmenos.
  3086 | D:3      | Became a worshipper of Dithmenos the Shadowed
  3165 | D:3      | Noticed Ijyb
  3277 | D:3      | Noticed Sigmund
  3282 | D:4      | Noticed an ogre
  3333 | D:4      | Noticed an ogre
  3413 | D:4      | Killed an ogre
  3413 | D:4      | Reached skill level 3 in Dodging
  3413 | D:4      | Reached skill level 1 in Charms
  3572 | D:3      | Noticed Terence
  4114 | D:4      | Noticed a phantom
  4120 | D:4      | Reached XP level 6. HP: 47/47 MP: 12/12
  4448 | D:3      | Killed Terence
  4448 | D:3      | Reached skill level 1 in Polearms
  4448 | D:3      | Reached skill level 4 in Dodging
  4487 | D:3      | Killed Sigmund
  4737 | D:4      | Gained mutation: You occasionally shout uncontrollably at your foes. [potion of mutation]
  4737 | D:4      | Gained mutation: Your mind is acute. (Int +2) [potion of mutation]
  4737 | D:4      | Gained mutation: Your muscles are strong. (Str +2) [potion of mutation]
  4804 | D:4      | Noticed Menkaure
  4896 | D:5      | Entered Level 5 of the Dungeon
  4907 | D:4      | Reached skill level 5 in Dodging
  4907 | D:4      | Reached XP level 7. HP: 13/52 MP: 13/13
  5395 | D:4      | Killed Menkaure
  5639 | D:4      | Killed Ijyb
  6119 | D:5      | Got a scorched jade amulet
  6350 | D:5      | Found a white marble altar of Elyvilon.
  6378 | D:5      | Reached XP level 8. HP: 39/58 MP: 14/14
  7180 | D:6      | Identified the amulet "Laddian" {Inacc rPois rC+ rN+ Int+3} (You found it on level 5 of the Dungeon)
  7245 | D:6      | Found a runed gate.
  7245 | D:6      | Found a runed gate.
  7245 | D:6      | Found a runed gate.
  7245 | D:6      | Noticed Lew's ghost (novice GrFi)
  7566 | D:6      | Reached skill level 10 in Polearms
  7676 | D:6      | Reached * piety under Dithmenos
  7683 | D:6      | Learned a level 4 spell: Animate Dead
  7788 | D:6      | Found an ancient bone altar of Kikubaaqudgha.
  7906 | D:6      | Lost mutation: Your muscles are strong. (Str +2) [potion of mutation]
  7906 | D:6      | Lost mutation: You occasionally shout uncontrollably at your foes. [potion of mutation]
  7906 | D:6      | Gained mutation: You can translocate small distances at will. [potion of mutation]
  7906 | D:6      | Gained mutation: Your flesh is heat resistant. (rF+) [potion of mutation]
  7906 | D:6      | Lost mutation: Your mind is acute. (Int +2) [potion of mutation]
  7906 | D:6      | Gained mutation: You are partially covered in iridescent scales. (AC +2) [potion of mutation]
  8187 | D:6      | Reached skill level 1 in Armour
  8187 | D:6      | Reached skill level 6 in Dodging
  8669 | D:7      | Reached XP level 9. HP: 61/66 MP: 15/15
  8979 | D:7      | Reached skill level 5 in Fighting
  8979 | D:7      | Reached skill level 7 in Dodging
  9357 | D:7      | Found a staircase to the Ecumenical Temple.
  9566 | D:7      | Reached ** piety under Dithmenos
  9976 | D:8      | Reached XP level 10. HP: 75/75 MP: 12/16
  9986 | D:8      | Reached skill level 8 in Dodging
 10597 | D:8      | Reached skill level 9 in Dodging
 10648 | D:8      | Found a staircase to the Lair.
 11483 | D:9      | Found a staircase to the Orcish Mines.
 11612 | D:9      | Reached XP level 11. HP: 56/83 MP: 18/18
 11771 | D:9      | Reached *** piety under Dithmenos
 11771 | D:9      | Reached skill level 5 in Spellcasting
 11800 | D:9      | Reached skill level 10 in Dodging
 12321 | D:10     | Entered Level 10 of the Dungeon
 12325 | D:10     | Found Ethrirhudgh's Armour Shoppe.
 12351 | D:10     | Killed an unseen horror
 12509 | D:10     | Found Addaoleune's Distillery.
 12524 | D:10     | Bought a potion of might for 56 gold pieces
 12524 | D:10     | Bought a potion of heal wounds for 70 gold pieces
 12524 | D:10     | Bought a potion of might for 56 gold pieces
 12529 | D:10     | Bought a +0 pair of boots for 76 gold pieces
 12538 | D:10     | Found Raicooggyk's Assorted Antiques.
 12558 | D:10     | Found Zir Kosa's Book Shoppe.
 12606 | D:10     | Noticed Gastronok
 12630 | D:10     | Found Ozoid's General Store.
 12718 | D:10     | Noticed Sonja
 12719 | D:10     | Noticed a centaur warrior
 12798 | Lair:1   | Entered Level 1 of the Lair of Beasts
 12842 | Lair:1   | Reached skill level 15 in Polearms
 13643 | Lair:1   | Reached **** piety under Dithmenos
 13737 | Lair:1   | Reached skill level 5 in Charms
 14539 | Lair:2   | Reached skill level 11 in Dodging
 15376 | Lair:3   | Reached XP level 12. HP: 73/91 MP: 21/21
 15393 | Lair:3   | Found a staircase to the Shoals.
 16119 | Lair:3   | Found a staircase to the Snake Pit.
 16788 | Lair:3   | Noticed a seven-headed hydra
 16792 | Lair:3   | Killed a seven-headed hydra
 16823 | Lair:3   | Reached ***** piety under Dithmenos
 17365 | Lair:4   | Noticed a seven-headed hydra
 17377 | Lair:4   | Killed a seven-headed hydra
 17700 | Lair:4   | Noticed a five-headed hydra
 17959 | Lair:3   | Killed a five-headed hydra
 18299 | Lair:4   | Reached skill level 12 in Dodging
 18681 | Lair:5   | Found a frozen archway.
 18704 | IceCv    | Entered an ice cave
 18715 | IceCv    | Reached XP level 13. HP: 100/100 MP: 24/24
 19035 | IceCv    | Noticed an ice dragon
 19035 | IceCv    | Noticed an ice dragon
 19050 | IceCv    | Killed an ice dragon
 19061 | IceCv    | Killed an ice dragon
 19394 | Lair:5   | Identified the Papyrus of Glacial Confrontation
 19616 | Lair:5   | Found a staircase to the Slime Pits.
 19808 | Lair:5   | Found a runed door.
 19815 | Lair:5   | Noticed Loraer's ghost (journeyman TrBe)
 20085 | Lair:6   | Entered Level 6 of the Lair of Beasts
 20270 | D:6      | Killed Lew's ghost
 20366 | Orc:1    | Entered Level 1 of the Orcish Mines
 20718 | Orc:1    | Found Pobuikiph's Armour Shop.
 20837 | Orc:1    | Found Tiranam's Food Shoppe.
 20919 | Orc:1    | Reached skill level 5 in Necromancy
 20935 | D:9      | Reached ****** piety under Dithmenos
 21047 | Orc:1    | Noticed eyesofgods1's ghost (journeyman DsFi)
 21048 | Orc:1    | Noticed an ettin
 21141 | Orc:1    | Found Humnaesu's Weapon Boutique.
 21148 | Orc:1    | Found a transporter.
 21172 | Orc:1    | Found a transporter.
 21432 | Orc:2    | Entered Level 2 of the Orcish Mines
 21450 | Orc:2    | Noticed Urug
 21462 | Orc:2    | Killed Urug
 21479 | Orc:2    | Noticed Maurice
 21496 | Orc:2    | Found a flickering gateway to a bazaar.
 21506 | Bazaar   | Entered a bazaar
 21506 | Bazaar   | Found Rikkimny's Book Shoppe.
 21649 | Bazaar   | Found Qenniho's Magic Scroll Boutique.
 21666 | Bazaar   | Found Lavumu's Book Shop.
 21678 | Bazaar   | Found Deowyjoo's Gadget Shoppe.
 21681 | Bazaar   | Found Pinubub's Food Shoppe.
 21722 | Bazaar   | Bought a scroll of acquirement for 728 gold pieces
 21722 | Bazaar   | Bought a scroll of teleportation for 42 gold pieces
 21730 | Bazaar   | Got a bloodstained bardiche
 21732 | Bazaar   | Identified the +1 bardiche "Newtslayer" {elec, rC+} (You acquired it in a bazaar)
 21793 | Orc:2    | Killed Maurice
 21972 | Orc:2    | Reached skill level 13 in Dodging
 21983 | Orc:1    | Found Xaeheat's Armour Shoppe.
 22215 | Orc:2    | Noticed an orc warlord
 22919 | Lair:6   | HP: 4/103 [acid (14)]
 23319 | Lair:6   | Reached skill level 10 in Fighting
 23402 | Lair:6   | Reached XP level 14. HP: 26/110 MP: 22/26
 23932 | Lair:6   | Found the +4 dagger "Morg" {pain, MR+ Int+5}
 25991 | Orc:2    | Killed an orc warlord
 26505 | Orc:2    | Found Lyrghoyrch's Assorted Antiques.
 26913 | Orc:2    | Found a staircase to the Elven Halls.
 27522 | Orc:2    | Found Toeduq's Gadget Boutique.
 27526 | Orc:2    | Found Zuemah's Armour Shoppe.
 27532 | Orc:2    | Found Mugriuce's Jewellery Shoppe.
 27542 | Orc:2    | Bought a scroll of fear for 105 gold pieces
 27544 | Orc:2    | Bought a +5 ring of protection for 550 gold pieces
 27725 | D:10     | Killed Sonja
 27957 | D:10     | Noticed Grum
 27964 | D:10     | Killed Grum
 28122 | D:10     | Killed Gastronok
 28122 | D:10     | Reached skill level 5 in Armour
 28574 | D:11     | Noticed Erolcha
 28590 | D:11     | Killed Erolcha
 28590 | D:11     | Reached skill level 14 in Dodging
 28590 | D:11     | Reached XP level 15. HP: 95/119 MP: 28/28
 28751 | D:11     | Got a shimmering brass ring
 29789 | D:12     | Found the +8 Wrath of Trog {antimagic, *Rage}
 30002 | D:13     | Got an iridescent bardiche
 30104 | D:12     | Identified the +2 bardiche "Adwum" {flame, Int-2 Dex+7} (You acquired it on level 13 of the Dungeon)
 30860 | D:13     | Noticed Rupert
 30874 | D:13     | Paralysed by Rupert for 4 turns
 30887 | D:13     | Killed Rupert
 31129 | D:14     | Found Sutine's Magic Scroll Boutique.
 31134 | D:14     | Identified the ring of Wuarytid {Fire SInv} (You found it on level 11 of the Dungeon)
 31135 | D:14     | Bought a scroll of identify for 38 gold pieces
 31135 | D:14     | Bought a scroll of identify for 38 gold pieces
 31135 | D:14     | Bought a scroll of identify for 38 gold pieces
 31137 | D:14     | Bought 3 scrolls of identify for 114 gold pieces
 31295 | D:14     | Got a warped leather armour
 31323 | D:14     | Identified the +0 leather armour "Nassuw" {Regen+} (You took it off a human on level 14 of the Dungeon)
 31392 | D:14     | Found a gate to the Vaults.
 31473 | D:14     | Found Peasoschu's Magic Scroll Shoppe.
 31574 | D:14     | Found a blossoming altar of Fedhas.
 31580 | D:14     | Found Qotyod's Book Shop.
 31608 | D:14     | Found Riorot's Armour Shoppe.
 31611 | D:14     | Bought the +6 ring mail "Qane" {Str+3} for 851 gold pieces
 31692 | D:14     | Got a crude pewter ring
 32017 | D:15     | Entered Level 15 of the Dungeon
 32103 | D:15     | Reached skill level 15 in Dodging
 32277 | D:15     | Identified the ring of Pyomitap {*Tele rPois} (You found it on level 14 of the Dungeon)
 32413 | D:15     | Found an opulent altar of Gozag.
 32594 | D:15     | Reached XP level 16. HP: 128/129 MP: 29/29
 32877 | D:15     | Found a staircase to the Depths.
 33232 | Shoals:1 | Entered Level 1 of the Shoals
 33284 | Shoals:1 | Found a transporter.
 33302 | Shoals:1 | Found Suoror's Gadget Boutique.
 33625 | Shoals:1 | Found a transporter.
 34316 | Shoals:2 | Noticed Polyphemus
 34411 | Shoals:2 | Killed Polyphemus
 34505 | Shoals:2 | Reached skill level 16 in Dodging
 35059 | Shoals:1 | Got a smelly leather armour
 35064 | Shoals:1 | Got a crude jade amulet
 35075 | Shoals:1 | Got a crude tin ring
 35081 | Shoals:1 | Identified the ring of Posucaps {*Slow rElec MP+9 Str+4 Int+4} (You found it on level 1 of the Shoals)
 35082 | Shoals:1 | Identified the amulet of the First Shrikes {Gourm MR+ Slay+2} (You found it on level 1 of the Shoals)
 35102 | Shoals:1 | Identified the +1 leather armour of the Maze {+Blink rElec Dex-2 SInv} (You found it on level 1 of the Shoals)
 35425 | Shoals:3 | Noticed a kraken
 35673 | Shoals:3 | Killed a kraken
 35793 | Shoals:3 | Got an ichor-stained halberd
 35794 | Shoals:3 | Identified the +10 halberd of Nuwas {elec, rC+ Int+5} (You found it on level 3 of the Shoals)
 36263 | Shoals:4 | Entered Level 4 of the Shoals
 36263 | Shoals:4 | Found Nen Beon's Assorted Antiques.
 36382 | Shoals:4 | Reached XP level 17. HP: 64/138 MP: 26/30
 36659 | Shoals:4 | Noticed a kraken
 36847 | Shoals:4 | Noticed a kraken
 36894 | Shoals:4 | Killed a kraken
 36904 | Shoals:4 | Got a barnacled rune of Zot
 36940 | Shoals:4 | Got a vibrating diamond amulet
 36976 | Shoals:4 | Identified the amulet "Qiotifri" {Spirit Int+2} (You took it off a merfolk impaler on level 4 of the Shoals)
 36991 | Shoals:4 | Reached skill level 10 in Spellcasting
 37023 | Shoals:4 | Noticed Roxanne
 37154 | Shoals:4 | Found Kualapnoux's Magic Scroll Boutique.
 37370 | Shoals:4 | Killed Roxanne
 37488 | Shoals:4 | Reached skill level 17 in Dodging
 37577 | Shoals:4 | Got a crystal halberd
 37578 | Shoals:4 | Identified the +4 halberd of Foul Odors {pain, rElec MR+ SInv} (You found it on level 4 of the Shoals)
 37906 | Vaults:1 | Entered Level 1 of the Vaults
 38304 | Snake:1  | Entered Level 1 of the Snake Pit
 39040 | Snake:1  | Found Quiw's Book Emporium.
 39042 | Snake:1  | Found Maposank's Assorted Antiques.
 39044 | Snake:1  | Found Tumaqim's Book Emporium.
 39359 | D:14     | Bought a scroll of acquirement for 780 gold pieces
 39709 | Snake:1  | Found a deep blue altar of Sif Muna.
 40279 | Snake:2  | Noticed Piuleypsy's ghost (adept GrFi)
 40282 | Snake:2  | Found a runed gate.
 40282 | Snake:2  | Found a runed gate.
 40282 | Snake:2  | Found a runed gate.
 40837 | Snake:2  | Reached XP level 18. HP: 131/147 MP: 32/32
 40884 | Snake:2  | Killed Piuleypsy's ghost
 41028 | Snake:3  | Learned a level 1 spell: Apportation
 41030 | Snake:3  | Learned a level 1 spell: Summon Butterflies
 41038 | Snake:3  | Learned a level 2 spell: Shroud of Golubria
 41120 | Snake:3  | Noticed Vashnia
 41408 | Elf:1    | Entered Level 1 of the Elven Halls
 41463 | Elf:1    | Found Nulleqai's Book Shoppe.
 41565 | Elf:1    | Reached skill level 15 in Fighting
 41625 | Elf:1    | Reached skill level 18 in Dodging
 41838 | Elf:1    | HP: 5/149 [glaive of chopping (3)]
 42118 | Elf:1    | Reached skill level 1 in Evocations
 42262 | Elf:1    | Identified the Handbook of Sinister Rites
 42698 | Elf:2    | Noticed Azrael
 42720 | Elf:1    | Killed Azrael
 42966 | Elf:2    | Found a runed gate.
 42967 | Elf:2    | Found a runed gate.
 42989 | Elf:2    | Found Siclyfugh's Armour Shop.
 43675 | Elf:2    | Found a runed gate.
 44141 | Elf:2    | Reached skill level 19 in Dodging
 44175 | Elf:3    | Entered Level 3 of the Elven Halls
 44365 | Elf:3    | Reached XP level 19. HP: 156/156 MP: 33/33
 44481 | Elf:3    | Noticed a Brimstone Fiend
 44946 | Elf:3    | Reached skill level 5 in Evocations
 45045 | Elf:3    | Got a fine chain mail
 45046 | Elf:3    | Identified the +5 chain mail of Ashenzari's Hope {rF+ Int+4} (You took it off a deep elf high priest on level 3 of the Elven Halls)
 45100 | Elf:3    | Noticed a Brimstone Fiend
 45402 | Elf:3    | Reached skill level 20 in Dodging
 45770 | Elf:3    | Got a smoking chain mail
 45772 | Elf:3    | Identified the +1 chain mail of the Realm of Zot {Int-2 Dex+7} (You took it off a deep elf blademaster on level 3 of the Elven Halls)
 45785 | Elf:3    | Got a pitted silver ring
 45937 | Elf:3    | Found the +6 shillelagh "Devastator" {shatter}
 45973 | Elf:3    | Found the +3 sling "Punk" {acid, rCorr}
 46484 | Elf:3    | Got a blackened chain mail
 46485 | Elf:3    | Identified the cursed +0 chain mail "Eful" {Int+4} (You took it off a deep elf blademaster on level 3 of the Elven Halls)
 46487 | Elf:3    | Identified the ring of Vogearev {rF+ Str+5} (You took it off a deep elf high priest on level 3 of the Elven Halls)
 47630 | Vaults:1 | Reached XP level 20. HP: 166/166 MP: 28/34
 47899 | Vaults:1 | Reached skill level 21 in Dodging
 49209 | Vaults:2 | Found a gateway to a bazaar.
 49216 | Bazaar   | Entered a bazaar
 49216 | Bazaar   | Found Kemir's Weapon Emporium.
 49216 | Bazaar   | Found Ynyosaiw's Antique Weapon Shoppe.
 49216 | Bazaar   | Found Gillamo's Food Emporium.
 49216 | Bazaar   | Found Zeduthrett's Armour Emporium.
 49216 | Bazaar   | Found Hala's Food Shoppe.
 49228 | Bazaar   | Bought a +2 pair of boots of flying for 236 gold pieces
 50351 | Vaults:3 | Reached skill level 22 in Dodging
 50377 | Vaults:3 | Reached XP level 21. HP: 125/174 MP: 33/35
 51443 | Vaults:3 | Reached skill level 10 in Charms
 51501 | Vaults:3 | Found a staircase to the Crypt.
 52269 | Vaults:4 | Reached skill level 23 in Dodging
 52452 | Vaults:4 | Reached skill level 10 in Evocations
 52858 | Vaults:4 | Reached XP level 22. HP: 183/183 MP: 36/36
 53209 | Vaults:5 | Entered Level 5 of the Vaults
 53567 | Vaults:5 | Reached skill level 24 in Dodging
 53664 | Vaults:5 | Got a shimmering copper ring
 53857 | Vaults:5 | Identified Ronarej's Volume of Snow
 53940 | Vaults:5 | Identified Ostic's Volume of Shifting Flight
 53945 | Vaults:5 | Learned a level 2 spell: Swiftness
 54052 | Vaults:5 | Identified the ring of Hyfar {rElec rN+ MR+ Stlth+} (You took it off a vault warden on level 5 of the Vaults)
 54165 | Vaults:5 | Noticed a golden dragon
 54177 | Vaults:5 | Killed a golden dragon
 54478 | Vaults:5 | Reached skill level 10 in Armour
 54503 | Vaults:5 | Found Ytuge's Distillery.
 54521 | Vaults:5 | Noticed an ancient lich
 54648 | Vaults:5 | Reached skill level 25 in Dodging
 55025 | Vaults:5 | Reached XP level 23. HP: 189/192 MP: 35/37
 55063 | Vaults:5 | Got a silver rune of Zot
 55608 | Vaults:5 | Killed an ancient lich
 55833 | Vaults:5 | Bought a potion of haste for 180 gold pieces
 55833 | Vaults:5 | Bought a potion of heal wounds for 90 gold pieces
 55833 | Vaults:5 | Bought a potion of heal wounds for 90 gold pieces
 55833 | Vaults:5 | Bought a potion of heal wounds for 90 gold pieces
 55833 | Vaults:5 | Bought a potion of curing for 54 gold pieces
 56746 | Snake:3  | Got a fine ring mail
 56747 | Snake:3  | Identified the cursed +1 ring mail "Ureschiw" {rF++ rC+ Str-2 Dex+3} (You found it on level 3 of the Snake Pit)
 56752 | Snake:3  | Found Amif's Antique Weapon Shop.
 56752 | Snake:3  | Found Bennomn's Assorted Antiques.
 56754 | Snake:3  | Found Pissoras's Jewellery Boutique.
 56755 | Snake:3  | Found Allop's General Store.
 56774 | Snake:3  | Bought a scroll of magic mapping for 52 gold pieces
 56904 | Snake:3  | Noticed Kirke
 56914 | Snake:3  | Killed Kirke
 56962 | Snake:3  | Noticed Louise
 56969 | Snake:3  | Killed Louise
 56984 | Snake:3  | Killed Vashnia
 57001 | Snake:3  | Reached skill level 26 in Dodging
 57328 | Snake:4  | Entered Level 4 of the Snake Pit
 58123 | Snake:4  | Reached skill level 27 in Dodging
 58384 | Snake:4  | Got a serpentine rune of Zot
 58707 | Depths:1 | Entered Level 1 of the Depths
 58794 | Depths:1 | Found a one-way gate leading to the halls of Pandemonium.
 58862 | Depths:1 | Reached XP level 24. HP: 91/203 MP: 31/37
 58980 | Depths:1 | Found a gateway to Hell.
 59232 | D:14     | Bought a scroll of enchant armour for 112 gold pieces
 59232 | D:14     | Bought a scroll of fear for 52 gold pieces
 59232 | D:14     | Bought 2 scrolls of blinking for 225 gold pieces
 59232 | D:14     | Bought a scroll of blinking for 112 gold pieces
 59232 | D:14     | Bought a scroll of teleportation for 45 gold pieces
 59232 | D:14     | Bought a scroll of teleportation for 45 gold pieces
 59232 | D:14     | Bought a scroll of identify for 30 gold pieces
 59656 | Depths:1 | Noticed Saint Roka
 60196 | Depths:1 | Killed Saint Roka
 60892 | Depths:2 | Found a one-way gate to the infinite horrors of the Abyss.
 62362 | Depths:3 | Found a snail-covered altar of Cheibriados.
 62364 | Depths:3 | Noticed Frederick
 62448 | Depths:3 | Killed Frederick
 62520 | Depths:3 | Reached XP level 25. HP: 148/213 MP: 38/38
 62708 | Depths:3 | Noticed Asterion
 62738 | Depths:3 | Killed Asterion
 63072 | Depths:3 | Found Duoclac's Jewellery Emporium.
 63073 | Depths:3 | Found Nurr's Gadget Boutique.
 63154 | Depths:3 | Found a runed door.
 63261 | Depths:3 | Found Digac's Jewellery Emporium.
 63290 | Depths:3 | Bought a phial of floods for 640 gold pieces
 63340 | Depths:3 | Found a gateway to a ziggurat.
 64537 | Depths:4 | Noticed a juggernaut
 64546 | Depths:4 | Killed a juggernaut
 64804 | Depths:5 | Entered Level 5 of the Depths
 64977 | Depths:5 | Found Fuliazia's Antique Weapon Shoppe.
 65088 | Depths:5 | Found a gate to the Realm of Zot.
 65332 | Depths:5 | Reached XP level 26. HP: 172/221 MP: 37/40
 65361 | Depths:5 | Got a spiked cloak
 65362 | Depths:5 | Identified the +2 cloak of Jigsaw {rElec MR+ Slay-4 SInv} (You found it on level 5 of the Depths)
 65535 | Depths:5 | Noticed Gucsao's ghost (veteran GrGl)
 65542 | Depths:5 | Noticed a juggernaut
 65547 | Depths:5 | Found a runed gate.
 65547 | Depths:5 | Found a runed gate.
 65549 | Depths:5 | Found a runed gate.
 65964 | Zot:1    | Entered Level 1 of the Realm of Zot
 67784 | Zot:2    | Reached skill level 5 in Stealth
 68020 | Zot:2    | HP: 9/224 [acid blob/splash of acid (4)]
 68020 | Zot:2    | Splashed by an acid blob's acid

Skill      XL: |  1  2  3  4  5  6  7  8  9 10 11 12 13 14 15 16 17 18 19 20 21 22 23 24 25 26 |
---------------+-------------------------------------------------------------------------------+-----
Fighting       | 1 2 3 4 5 7 8 10 11 12 13 14 15 16 17 18 19 20 21 22 | 22.0
Spellcasting   | 3 4 6 7 8 9 10 11 13 | 13.5
Dodging        | 3 5 6 7 9 11 12 13 14 15 16 17 19 20 22 23 25 27 | 27.0
Charms         | 1 3 5 6 7 9 10 12 | 12.2
Polearms       | 4 8 10 12 14 16 17 19 20 22 24 25 26 | 26.0
Armour         | 1 3 5 6 7 8 10 11 12 | 12.6
Necromancy     | 4 5 7 8 |  8.0
Evocations     | 4 6 8 10 11 12 | 12.3
Stealth        | 5 |  5.3

Action                   |  1- 3 |  4- 6 |  7- 9 | 10-12 | 13-15 | 16-18 | 19-21 | 22-24 | 25-27 || total
-------------------------+-------+-------+-------+-------+-------+-------+-------+-------+-------++-------
Melee: Unarmed           |     6 |       |       |       |       |       |       |       |       ||     6
       Club              |    20 |       |       |       |       |       |       |       |       ||    20
       Hand axe          |    24 |    53 |       |       |       |       |       |       |       ||    77
       Rapier            |       |     7 |       |       |       |       |       |       |       ||     7
       Mace              |       |    52 |       |       |       |       |       |       |       ||    52
       Trident           |       |    74 |   408 |   450 |    10 |       |       |       |       ||   942
       Tailslap          |       |       |     2 |     5 |     8 |    36 |       |       |       ||    51
       Glaive            |       |       |       |   474 |  1021 |       |       |       |       ||  1495
       Bardiche          |       |       |       |       |   504 |   432 |  1220 |  1359 |   949 ||  4464
       Halberd           |       |       |       |       |       |   860 |       |       |       ||   860
 Cast: Pain              |    54 |    14 |       |       |       |       |       |       |       ||    68
       Regeneration      |       |     3 |     4 |    20 |    50 |    63 |    50 |    78 |    48 ||   316
       Animate Dead      |       |       |       |       |    33 |    17 |    31 |    64 |    22 ||   167
       Shroud of Golubri |       |       |       |       |       |     3 |    23 |    21 |    35 ||    82
       Summon Butterflie |       |       |       |       |       |     1 |       |       |       ||     1
       Swiftness         |       |       |       |       |       |       |       |     3 |     1 ||     4
Invok: Shadow Step       |       |       |       |       |     1 |     1 |     1 |     2 |     1 ||     6
 Abil: Blink             |       |       |       |       |       |       |       |     2 |       ||     2
Evoke: Wand              |       |       |     1 |    24 |     7 |     5 |       |     2 |     1 ||    40
       Phial of floods   |       |       |       |     1 |     2 |       |       |       |       ||     3
  Use: Potion            |     1 |     5 |     6 |     6 |    11 |     8 |     4 |       |     7 ||    48
       Scroll            |       |    15 |     5 |    14 |    19 |    27 |    14 |    11 |     4 ||   109
 Stab: Sleeping          |     1 |     5 |    10 |    23 |    20 |    16 |    16 |    18 |    10 ||   119
       Distracted        |       |     1 |     1 |     3 |    11 |    10 |    12 |    22 |    19 ||    79
       Paralysed         |       |       |       |    17 |       |       |       |       |       ||    17
       Invisible         |       |       |       |     3 |       |       |       |       |       ||     3
  Eat: Chunk             |     3 |    10 |    14 |    16 |    22 |    30 |    19 |     6 |     1 ||   121
       Ration            |       |       |     1 |     5 |    10 |     6 |     3 |    11 |     6 ||    42
Armor: Robe              |    14 |     8 |       |       |       |       |       |       |       ||    22
       Ring mail         |       |    38 |    65 |   142 |   156 |   235 |   122 |    51 |       ||   809
       Skin              |       |     3 |       |       |       |       |       |     1 |       ||     4
       Steam dragon scal |       |       |       |       |   105 |       |       |       |       ||   105
       Quicksilver drago |       |       |       |       |       |       |       |   108 |   196 ||   304
Dodge: Dodged            |    78 |   130 |   163 |   503 |  1248 |   927 |   597 |   829 |   682 ||  5157
Block: Other             |       |       |       |       |       |       |       |   121 |   126 ||   247
       Reflection        |       |       |       |       |       |       |       |    17 |     5 ||    22
